 Dungeon Crawl Stone Soup version 0.19-a0-1772-g09c4438 (webtiles) character file.

144 qqqbard the Twirler (level 5, -1/36 HPs)
             Began as an Octopode Gladiator on Oct 4, 2016.
             Slain by an orc
             ... wielding a +0 war axe
              (10 damage)
             ... on level 3 of the Dungeon.
             The game lasted 00:03:48 (2309 turns).

qqqbard the Twirler (Octopode Gladiator)            Turns: 2309, Time: 00:03:49

Health: -1/36      AC:  1    Str: 15    XL:     5   Next: 27%
Magic:  5/5        EV: 14    Int: 11    God:
Gold:   67         SH:  0    Dex: 12    Spells: 0 memorised, 4 levels left

rFire  . . .     SeeInvis .     a - +0 quarterstaff
rCold  . . .     Gourm    .     (shield currently unavailable)
rNeg   . . .     Faith    .     b - +0 hat
rPois  .         Spirit   .     (no amulet)
rElec  .         Dismiss  .     (no ring)
rCorr  .         Reflect  .     (no ring)
MR     .....     Harm     .     (no ring)
Stlth  +++.......               (no ring)
                                (no ring)
                                (no ring)
                                (no ring)
                                (no ring)

@: no status effects
A: almost no armour, stealthy swim, amphibious, 8 rings, constrict 8, camouflage
1, gelatinous body 1
a: no special abilities


You were on level 3 of the Dungeon.
You were not hungry.

You visited 1 branch of the dungeon, and saw 3 of its levels.

You collected 67 gold pieces.

Inventory:

Hand Weapons
 a - a +0 quarterstaff (weapon)
Missiles
 c - 3 throwing nets (quivered)
Armour
 b - a +0 hat (worn)
Jewellery
 i - a cursed amulet of inaccuracy {unknown}
Scrolls
 f - 3 scrolls of teleportation {unknown}
 g - a scroll of random uselessness {unknown}
 h - 2 scrolls of enchant weapon {unknown}
 o - a scroll of amnesia {unknown}
 p - a scroll of identify {unknown}
 r - a scroll of noise {unknown}
Potions
 e - a potion of brilliance {unknown}
 j - a potion of haste {unknown}
 k - a potion of might {unknown}
 m - a potion of cancellation {unknown}
Comestibles
 d - 2 bread rations
 l - a beef jerky
 n - a meat ration
 q - 15 chunks of flesh


   Skills:
 + Level 3.2 Fighting
 * Level 4.2 Staves
 - Level 2.0 Throwing
 + Level 3.7 Dodging
 + Level 2.4 Stealth


You had 4 spell levels left.
You didn't know any spells.

Dungeon Overview and Level Annotations

Branches:
Dungeon (3/15)

Altars:
The Shining One


Innate Abilities, Weirdness & Mutations

You cannot wear most types of armour.
You are very stealthy in the water.
You are amphibious.
You can wear up to eight rings at the same time.
You can use your tentacles to constrict eight enemies at once.
Your skin changes colour to match your surroundings (Stealth+).
Your rubbery body absorbs attacks. (AC +1, EV +1)


Message History

The orc hits you with a falchion of protection.
* * * LOW HITPOINT WARNING * * *
An orc comes into view. It is wielding a war axe.
You see here an orc corpse.
You hit the orc but do no damage. You grab the orc.
The orc is moderately wounded.
You constrict the orc, but do no damage.
The orc closely misses you.
You hit the orc but do no damage.
The orc is moderately wounded.
You constrict the orc. The orc hits you but does no damage.
You hit the orc.
You kill the orc!
You hit the orc. Your grab misses the orc. You squeeze the orc.
You kill the orc!
Items here: ) [ †† a leather armour; a falchion of protection; an orc corpse x2
You hit the orc but do no damage. Your grab misses the orc.
Your squeeze misses the orc. The orc hits you with a war axe!
You die...

#.#..)# #.# ..##.#.#
##.#..#####.#.####.#.#
###........#.# ....#
#..#######.# ....#
#..# .# ..... #>.# ###
.# #### #..###.## .#
#..##.#.##.###.##
#..†.###@o[.....#
#...#.#.######..#
#....... ...#.#..##
..........#
##........# #.####...#
#. #...#


You could see an orc.

Vanquished Creatures
  An orc priest (D:3)
  An orc wizard (D:3)
  An adder (D:2)
  A worm (D:2)
  A leopard gecko (D:1)
  5 orcs (D:3)
  3 giant cockroaches
  7 goblins
  8 hobgoblins
  4 jackals (D:3)
  A ball python (D:1)
  11 bats
  8 frilled lizards
  5 kobolds
  14 rats
71 creatures vanquished.

Notes
Turn   | Place    | Note
-------+----------+-------------------------------------------
     0 | D:1      | qqqbard the Octopode Gladiator began the quest for the Orb.
     0 | D:1      | Reached XP level 1. HP: 14/14 MP: 1/1
    74 | D:1      | Reached XP level 2. HP: 10/19 MP: 2/2
   519 | D:1      | Reached XP level 3. HP: 4/25 MP: 3/3
  1401 | D:2      | Reached skill level 1 in Stealth
  1593 | D:2      | Reached XP level 4. HP: 30/30 MP: 4/4
  2034 | D:3      | Found a glowing golden altar of the Shining One.
  2258 | D:3      | Reached skill level 4 in Staves
  2294 | D:3      | Reached XP level 5. HP: 10/36 MP: 5/5
  2309 | D:3      | Slain by an orc

Vault maps used:
D:1:      mrwooster_arrival_statue_2, kennysheep_nondescript
D:2:      wad_river_or_something
D:3:      tso_metal_star

Skill      XL: |  1  2  3  4 |
---------------+-------------+-----
Stealth        | 1 2 |  2.4
Fighting       | 3 |  3.2
Staves         | 4 |  4.2
Throwing       | |  2.0
Dodging        | |  3.7

Action                   |  1- 3 |  4- 6 || total
-------------------------+-------+-------++-------
Melee: Quarterstaff      |    79 |    60 ||   139
       Constrict         |    24 |    13 ||    37
       Tentacles         |    17 |     6 ||    23
 Stab: Sleeping          |    13 |     3 ||    16
  Eat: Chunk             |     2 |     2 ||     4
Armor: Skin              |    14 |     4 ||    18
Dodge: Dodged            |    60 |    59 ||   119
